 Dungeon Crawl Stone Soup version 0.29-a0-6-ga859fcf985 (console) character file.

Game seed: 1624499705910972356

14059 Cab the Severer (level 11, -2/90 HPs)
             Began as a Demonspawn Fighter on Jan 27, 2022.
             Was a High Priest of Okawaru.
             Slain by a death yak (14 damage)
             ... on level 1 of the Lair of Beasts.
             The game lasted 00:46:16 (12375 turns).

Cab the Severer (Demonspawn Fighter)               Turns: 12375, Time: 00:46:18

Health: -2/90      AC: 14    Str: 20    XL:     11   Next: 83%
Magic:  0/11       EV:  9    Int:  9    God:    Okawaru [*****.]
Gold:   568        SH: 12    Dex: 14    Spells: 10/10 levels left

rFire   + . .      SeeInvis .   a - +1 war axe (flame)
rCold   + . .      Faith    .   n - +0 kite shield
rNeg    . . .      Spirit   +   g - +4 leather armour of Miuthian {rPois rC+}
rPois   +          Reflect  .   (helmet restricted)
rElec   .          Harm     .   m - +0 cloak {rPois}
rCorr   .          Rampage  .   (no gloves)
Will    .....                   (no boots)
Stlth   +.........              F - amulet of guardian spirit
HPRegen 0.25/turn               q - +4 ring of protection
MPRegen 0.12/turn               s - ring of protection from fire

@: about to teleport, invisible
A: antennae 2, rugged brown scales 2, spiny 3, condensation shield
a: Renounce Religion, Heroism, Finesse, Duel


You were on level 1 of the Lair of Beasts.
You worshipped Okawaru.
Okawaru was extremely pleased with you.
You visited 3 branches of the dungeon, and saw 12 of its levels.
You also visited: Ossuary.

You collected 568 gold pieces.

Inventory:

Hand Weapons
 a - a +1 war axe of flaming (weapon)
 p - the +5 spear "Killer Klown's Death" {elec, +Blink Int+5 Stlth-}
   (You found it on level 4 of the Dungeon)

   It occasionally discharges a powerful burst of electricity upon striking a
   foe.
   Int:       It affects your intelligence (+5).
   +Blink:    It lets you blink.
   Stlth:     It makes you less stealthy.
Missiles
 K - 3 throwing nets (quivered)
Armour
 g - the +4 leather armour of Miuthian (worn) {rPois rC+}
   (You found it on level 2 of the Dungeon)

   rC:        It protects you from cold.
   rPois:     It protects you from poison.
 m - a +0 cloak of poison resistance (worn)
 n - a +0 kite shield (worn)
Jewellery
 c - an amulet of reflection
 q - a +4 ring of protection (left hand)
 r - a ring of protection from cold
 s - a ring of protection from fire (right hand)
 y - a +4 ring of protection
 B - a ring of willpower
 F - an amulet of guardian spirit (around neck)
 I - a ring of resist corrosion
Wands
 t - a wand of mindburst (6)
 C - a wand of iceblast (12)
 E - a wand of acid (2)
 G - a wand of charming (12)
 H - a wand of polymorph (9)
Scrolls
 b - a scroll of amnesia {unknown}
 d - a scroll of magic mapping
 f - 2 scrolls of vulnerability
 j - 2 scrolls of noise {unknown}
 k - 5 scrolls of teleportation
 l - 2 scrolls of enchant weapon
 A - a scroll of fear {unknown}
 D - a scroll of immolation {unknown}
 J - 2 scrolls of blinking {unknown}
Potions
 e - 4 potions of flight
 h - 3 potions of cancellation
 i - 2 potions of resistance
 u - 3 potions of haste
 v - 6 potions of ambrosia
 w - 2 potions of curing
 x - 3 potions of might
 z - 2 potions of invisibility


   Skills:
 + Level 7.8 Fighting
 + Level 16.2 Axes
 - Level 2.6 Armour
 - Level 2.6 Shields
 + Level 0.4 Invocations
 + Level 0.1 Evocations


You had 10 spell levels left.
You didn't know any spells.
Your spell library contained the following spells:

 Spells                   Type           Power      Damage    Failure   Level
 Apportation              Tloc           0%         N/A       83%         1
 Beastly Appendage        Tmut           0%         N/A       83%         1
 Magic Dart               Conj           0%         1d3       83%         1
 Wereblood                Tmut           0%         N/A       93%         2
 Dazzling Flash           Conj/Hex       0%         N/A       99%         3
 Mephitic Cloud           Conj/Pois/Air  0%         N/A       99%         3
 Spider Form              Tmut/Pois      0%         N/A       99%         3
 Olgreb's Toxic Radiance  Pois           0%         N/A       100%        4
 Agony                    Necr           0%         N/A       100%        5
 Alistair's Intoxication  Tmut/Pois      0%         N/A       100%        5
 Silence                  Hex/Air        0%         N/A       100%        5
 Ozocubu's Refrigeration  Ice            0%         4d5       100%        7
 Ignition                 Fire           0%         3d3       100%        8
 Call Imp                 Summ           Unusable   N/A       N/A         2

Dungeon Overview and Level Annotations

Branches:
Dungeon (10/15)            Temple (1/1) D:7            Lair (1/6) D:8
    Orc (0/2) D:9         Ossuary (visited)

Altars:
Ashenzari
Cheibriados
Elyvilon
Fedhas
Gozag
Hepliaklqana
Kikubaaqudgha
Makhleb
Nemelex Xobeh
Okawaru
Qazlal
Ru
Sif Muna
Trog
Uskayaw
Vehumet
Wu Jian
Xom
Yredelemnul
Zin
The Shining One

Shops:
D:3 :


Innate Abilities, Weirdness & Mutations

You have a pair of antennae on your head.
You are mostly covered in rugged brown scales. (AC +2, +5% HP)
You are completely covered in sharp spines.
A meltable shield of frost defends you. (SH +4)


Message History

The death yak closely misses you.
You are too confused!
You hit the death yak. You burn the death yak.
The death yak is severely wounded.
You hit the death yak but do no damage. You closely miss the death yak.
The death yak is struck by your spines. The death yak gores you.
* * * LOW HITPOINT WARNING * * *
You feel better.
You feel less invigorated. You block the death yak's attack.
The death yak is struck by your spines. The death yak barely misses you.
The death yak is struck by your spines. The death yak barely misses you.
You barely miss the death yak.
The death yak is severely wounded.
You strike the helpless death yak from behind!
You slash the death yak! You burn the death yak. You barely miss the death yak.
You block the death yak's attack. x2
You hit the death yak. You burn the death yak.
The death yak is almost dead.
You hit the death yak but do no damage. You hit the death yak.
You burn the death yak. The death yak is struck by your spines.
The death yak gores you.
* * * LOW HITPOINT WARNING * * *
Press: ? - help, v - describe, . - travel, g - get item
Here: a death yak (almost dead) Item here: a yak corpse.
The floor, spattered with blood.
You barely miss the death yak.
The death yak is almost dead.
You hit the death yak. You burn the death yak.
You hit the death yak but do no damage.
Your hands slow down.
You block the death yak's attack. x2
You hit the death yak. You burn the death yak.
The death yak is almost dead.
You hit the death yak but do no damage. x2; You block the death yak's attack.
Press: ? - help, v - describe, . - travel
Here: a death yak (lightly wounded)
The floor, spattered with blood.
As you read the scroll of teleportation, it crumbles to dust.
You feel strangely unstable. The death yak gores you!!
You die... ∙Y∙∙∙∙∙∙∙∙∙∙∙∙∙∙∙∙∙∙∙∙∙∙∙∙∙∙∙∙

∙∙∙∙∙∙∙∙∙∙∙∙∙∙∙∙∙∙∙∙∙∙∙∙▒▒▒▒▒∙
∙∙∙∙∙∙∙∙∙∙∙∙∙∙∙∙∙∙∙∙∙∙∙∙▒ ▒∙
∙∙∙∙∙∙∙∙∙∙∙%∙∙∙∙∙∙∙∙∙∙∙∙▒ ▒∙
∙∙∙∙∙∙∙∙∙∙∙∙∙∙∙∙∙∙∙∙∙∙∙∙▒ ▒∙
∙∙∙∙∙∙∙∙∙∙∙∙∙∙∙∙∙∙∙∙∙∙∙∙▒ ▒∙
∙∙∙∙∙∙∙∙∙∙∙∙∙∙∙∙∙∙∙∙∙∙∙▒ ▒∙
∙∙∙∙∙∙∙∙∙YYYYY∙∙∙∙∙∙∙∙▒ ▒∙
∙∙∙∙▒∙∙▒▒∙▒@▒▒∙∙∙▒▒▒▒▒▒▒ ▒▒<
∙∙∙▒▒▒ ▒▒▒▒▒▒▒∙∙▒ P▒▒▒∙▒∙∙ Y∙
▒∙∙[


∙∙∙∙∙∙∙∙ ∙∙∙∙∙ ∙∙∙∙∙∙∙∙ ▒P∙∙∙∙∙∙∙∙▒▒∙▒▒ ∙∙∙▒∙∙∙∙∙ ▒▒ ∙ You could see 4 death
yaks and a yak.

Vanquished Creatures
  Fannar (D:10)
  Erica (D:8)
  A death yak (Lair:1)
  Maurice (D:8)
  Joseph (D:7)
  A cane toad (Lair:1)
  Maggie (D:7)
  A rime drake (Lair:1)
  A hornet (D:4)
  A queen bee (D:9)
  Sigmund (D:3)
  20 yaks
  Grum (D:8)
  2 steam dragons
  Menkaure (D:7)
  2 acid dragons
  5 water moccasins
  3 orc warriors
  A necrophage (D:8)
  A hornet zombie (D:7)
  An ice beast (D:8)
  4 black bears
  6 wolves
  5 centaurs
  Blork the orc (D:5)
  2 bullfrogs (D:8)
  A gnoll sergeant (D:9)
  11 scorpions
  A wyvern zombie (D:6)
  A water moccasin zombie (D:5)
  3 wyvern skeletons
  37 killer bees
  A wight (D:8)
  4 howler monkeys (D:9)
  A human zombie (Ossuary)
  6 centaur zombies
  4 hounds
  A gnoll shaman (D:8)
  5 orc priests
  3 jellies
  A centaur skeleton (D:4)
  8 scorpion zombies
  10 orc wizards
  2 killer bee zombies (D:7)
  A hound zombie (D:5)
  5 mummies
  16 gnolls
  7 adders
  2 shadow imps
  2 white imps
  4 ufetubi
  An adder zombie (D:5)
  An adder skeleton (D:4)
  2 worms
  2 dart slugs
  48 orcs
  4 ball pythons
  3 bats
  4 endoplasms
  7 giant cockroaches
  A gnoll zombie (Ossuary)
  6 goblins
  5 hobgoblins
  2 quokkas
  3 frilled lizards
  3 goblin zombies (Ossuary)
  2 hobgoblin zombies
  6 kobolds
  3 kobold zombies
  2 orc zombies (Ossuary)
  6 rats
314 creatures vanquished.

Vanquished Creatures (others)
  An orc wizard (D:7)
  37 fungi
  32 plants
  2 withered plants (D:8)
72 creatures vanquished.

Grand Total: 386 creatures vanquished

Notes
Turn   | Place    | Note
-------+----------+-------------------------------------------
     0 | D:1      | Cab the Demonspawn Fighter began the quest for the Orb.
     0 | D:1      | Reached XP level 1. HP: 18/18 MP: 1/1
    36 | D:1      | Found a faded altar of an unknown god.
    38 | D:1      | Reached skill level 2 in Axes
   176 | D:1      | Gained mutation: You are partially covered in sharp spines.
                  | [demonic ancestry]
   176 | D:1      | Reached XP level 2. HP: 19/24 MP: 2/2
   627 | D:2      | Reached skill level 3 in Axes
   633 | D:2      | Identified the +4 leather armour of Miuthian {rPois rC+}
   745 | D:2      | Reached XP level 3. HP: 29/29 MP: 3/3
  1614 | D:3      | Noticed Sigmund
  1617 | D:3      | Reached skill level 4 in Axes
  1617 | D:3      | Gained mutation: You are partially covered in rugged brown
                  | scales. (AC +1, +3% HP) [demonic ancestry]
  1617 | D:3      | Reached XP level 4. HP: 17/36 MP: 4/4
  1645 | D:3      | Killed Sigmund
  1646 | D:3      | Reached skill level 5 in Axes
  1646 | D:3      | Gained mutation: You are mostly covered in sharp spines.
                  | [demonic ancestry]
  1646 | D:3      | Reached XP level 5. HP: 13/42 MP: 5/5
  2186 | D:3      | Noticed a black bear
  2194 | D:3      | Killed a black bear
  2195 | D:3      | Reached skill level 6 in Axes
  2195 | D:3      | Reached XP level 6. HP: 43/48 MP: 6/6
  2251 | D:3      | Found Burghame's Book Shoppe.
  2617 | D:4      | Noticed a hornet
  2625 | D:4      | Paralysed by a hornet for 1 turns
  2626 | D:4      | Killed a hornet
  2627 | D:4      | Reached skill level 7 in Axes
  2627 | D:4      | Gained mutation: You have a pair of small antennae on your
                  | head. [demonic ancestry]
  2627 | D:4      | Reached XP level 7. HP: 22/53 MP: 7/7
  3414 | D:4      | Identified the +5 spear "Killer Klown's Death" {elec,
                  | +Blink Int+5 Stlth-}
  3496 | D:5      | Entered Level 5 of the Dungeon
  3615 | D:5      | Reached skill level 8 in Axes
  3840 | D:5      | Noticed Blork the orc
  3940 | D:5      | Killed Blork the orc
  4013 | D:5      | Gained mutation: You are mostly covered in rugged brown
                  | scales. (AC +2, +5% HP) [demonic ancestry]
  4013 | D:5      | Reached XP level 8. HP: 53/60 MP: 8/8
  4104 | D:5      | Reached skill level 9 in Axes
  4111 | D:5      | Found a sand-covered staircase.
  4122 | Ossuary  | Entered an ossuary
  4395 | Ossuary  | Reached skill level 10 in Axes
  4560 | Ossuary  | Gained mutation: You are completely covered in sharp
                  | spines. [demonic ancestry]
  4560 | Ossuary  | Reached XP level 9. HP: 66/66 MP: 9/9
  4565 | Ossuary  | Reached skill level 11 in Axes
  6349 | D:7      | Found a staircase to the Ecumenical Temple.
  6356 | Temple   | Entered the Ecumenical Temple
  6392 | Temple   | Became a worshipper of Warmaster Okawaru
  6789 | D:7      | Noticed Joseph
  7080 | D:7      | Reached skill level 12 in Axes
  7153 | D:7      | Killed Joseph
  7369 | D:7      | Noticed Maggie
  7822 | D:7      | Reached * piety under Okawaru
  8140 | D:7      | Noticed Menkaure
  8168 | D:7      | Killed Menkaure
  8407 | D:7      | Killed Maggie
  8408 | D:7      | Reached skill level 13 in Axes
  8641 | D:8      | Gained mutation: A meltable shield of frost defends you.
                  | (SH +4) [demonic ancestry]
  8641 | D:8      | Reached XP level 10. HP: 61/73 MP: 8/10
  8751 | D:8      | Reached ** piety under Okawaru
  8971 | D:8      | Reached skill level 14 in Axes
  9404 | D:8      | Noticed Erica
  9414 | D:8      | Found a broken altar of Ashenzari.
  9426 | D:8      | Killed Erica
  9426 | D:8      | Reached *** piety under Okawaru
  9464 | D:8      | Noticed Maurice
  9486 | D:8      | Killed Maurice
  9514 | D:8      | Noticed Grum
  9519 | D:8      | Reached skill level 5 in Fighting
  9527 | D:8      | Reached **** piety under Okawaru
  9533 | D:8      | Killed Grum
  9709 | D:8      | Found a staircase to the Lair.
 10073 | D:9      | Gained mutation: You have a pair of antennae on your head.
                  | [demonic ancestry]
 10073 | D:9      | Reached XP level 11. HP: 84/84 MP: 11/11
 10120 | D:9      | Reached skill level 15 in Axes
 10535 | D:9      | Reached ***** piety under Okawaru
 10559 | D:9      | Found a staircase to the Orcish Mines.
 11286 | D:10     | Entered Level 10 of the Dungeon
 11375 | D:10     | Noticed Fannar
 11408 | D:10     | Killed Fannar
 11604 | D:10     | Noticed a death knight
 11607 | D:10     | Noticed a two-headed ogre
 11713 | Lair:1   | Entered Level 1 of the Lair of Beasts
 12050 | Lair:1   | Reached skill level 16 in Axes
 12237 | Lair:1   | Identified the +2 ring mail of Springtime {rF++ Will+ Str-5
                  | Stlth+}
 12336 | Lair:1   | Noticed a death yak
 12337 | Lair:1   | Noticed a death yak
 12337 | Lair:1   | Noticed a death yak
 12343 | Lair:1   | Noticed a death yak
 12344 | Lair:1   | Noticed a death yak
 12362 | Lair:1   | Killed a death yak
 12368 | Lair:1   | HP: 4/90 [death yak (5)]
 12375 | Lair:1   | Slain by a death yak

Illustrated notes

Levels and vault maps discovered:
D:1:      matt_arrival_diagonals, layout_rooms, shapermc_ecumenical_altar_gd,
          fountainhead
D:2:      layout_loops_ring, basic_altar, palyth_stone_intersect,
          kennysheep_crisscross, nicolae_elevator_lobby_asterisk
D:3:      minmay_door_path, layout_basic, serial_corexii_hall,
          chequers_hall_statues_y, chequers_hall_statues_corner_a, serial_shops,
          shop, uniq_sigmund
D:4:      layout_basic, minmay_misc_feat_doors, chequers_serial_rivers_small_3,
          minmay_close_crescents
D:5:      layout_rooms, nicolae_ossuary_entry_giza, kennysheep_cluttered_room,
          kennysheep_generic_room_11, uniq_blork_the_orc
D:6:      layout_gridville, minivault_5, amcnicky_mini_corridor_feature
D:7:      layout_basic, minmay_temple_entry_statues_pillars, uniq_maggie,
          uniq_joseph, uniq_menkaure
D:8:      layout_basic, mainiacjoe_overflow_small_starburst,
          due_lair_maze_entry_diamond, serial_undead, serial_undead_e,
          serial_undead_c, serial_undead_e, serial_undead_a, uniq_maurice,
          uniq_erica, uniq_grum
D:9:      layout_roguey [special_room_bee], hiddenorc2_lemuel
D:10:     layout_stronghold, nicolae_dithmenos_the_darkroom, serial_rivers,
          chequers_serial_rivers_micro_a, chequers_serial_rivers_small_3,
          chequers_serial_rivers_small_b, chequers_serial_rivers_micro_d,
          minmay_ruined_shrine, uniq_fannar, uniq_harold, uniq_nergalle
Temple:   mainiacjoe_temple_big_plus
Lair:1:   layout_chaotic_city

Skill      XL: |  1  2  3  4  5  6  7  8  9 10 11 |
---------------+----------------------------------+-----
Axes           | 2 3 4 5 6 7 8 10 13 14 16 | 16.2
Fighting       | 5 7 |  7.8
Armour         | |  2.6
Shields        | |  2.6
Invocations    | |  0.4
Evocations     | |  0.1

Action                   |  1- 3 |  4- 6 |  7- 9 | 10-12 || total
-------------------------+-------+-------+-------+-------++-------
Melee: War axe           |    72 |    27 |   146 |   478 ||   723
       Spear             |       |       |   220 |       ||   220
       Unarmed           |       |       |     1 |       ||     1
Invok: Heroism           |       |       |       |     1 ||     1
       Finesse           |       |       |       |     1 ||     1
Evoke: Wand              |       |       |     1 |       ||     1
  Use: Potion            |       |     2 |       |    10 ||    12
       Scroll            |       |       |    12 |     9 ||    21
 Stab: Sleeping          |       |       |     1 |       ||     1
       Invisible         |       |       |       |     1 ||     1
Armor: Scale mail        |    11 |       |       |       ||    11
       Leather armour    |     9 |    12 |   110 |   175 ||   306
       Skin              |       |       |     1 |       ||     1
Dodge: Dodged            |    18 |    21 |    96 |   126 ||   261
Block: Buckler           |    15 |     9 |    55 |   138 ||   217
       Kite shield       |       |       |       |    64 ||    64

Table legend: (Time is in decaauts)
 A = Elapsed time spent in this place.
 B = Non-inter-level travel time spent in this place.
 C = Inter-level travel time spent in this place.
 D = Time resting spent in this place.
 E = Time spent auto-exploring this place.
 F = Levels seen in this place.
 G = Mean time per level.
                   A        B        C        D        E       F      G
               +--------+--------+--------+--------+--------+-----+--------+
         Total |  12334 |  12119 |    215 |   1957 |   7260 |  13 |  948.8 |
       Dungeon |  10540 |  10351 |    189 |   1383 |   6492 |  10 | 1054.0 |
        Temple |    624 |    598 |     26 |    189 |    382 |   1 |  624.0 |
          Lair |    649 |    649 |      0 |    204 |    314 |   1 |  649.0 |
       Ossuary |    520 |    520 |      0 |    181 |     72 |   1 |  520.0 |
               +--------+--------+--------+--------+--------+-----+--------+

Top non-repeatable levels by time:
     D:7: 2113 daAuts
     D:8: 1460 daAuts
     D:3: 1252 daAuts
     D:9: 1216 daAuts
     D:6: 1061 daAuts
     D:4: 1053 daAuts
     D:2: 703 daAuts
     D:5: 650 daAuts
  Lair:1: 649 daAuts
     D:1: 632 daAuts
  Temple: 624 daAuts
 Ossuary: 520 daAuts
    D:10: 396 daAuts
